 Dungeon Crawl Stone Soup version bcrawl-1.12-8-g964540c432 (webtiles) character file.

Game seed: 10196000330806756667

359 Arkanax the Ducker (level 6, 0/38 HPs)
             Began as a Fairy Archaeologist on June 4, 2019.
             Was an Initiate of Sif Muna.
             Slain by Sigmund
             ... wielding a +4 scythe of holy wrath
              (8 damage)
             ... on level 4 of the Dungeon.
             The game lasted 00:06:40 (3878 turns).

Arkanax the Ducker (Fairy Archaeologist)            Turns: 3878, Time: 00:06:41

Health: 0/38       AC: 10    Str: 10    XL:     6   Next: 65%
Magic:  8/8        EV: 26    Int: 18    God:    Sif Muna [......]
Gold:   171        SH: 11    Dex: 16    Spells: 5/5 levels left

rFire    + . .     SeeInvis .   w - +1 whip (vamp)
rCold    + . .     Gourm    .   n - +0 buckler
rNeg     . . .     Faith    .   (armour unavailable)
rPois    +         Spirit   .   a - +1 hat
rElec    +         Reflect  .   (no cloak)
rCorr    +         Harm     .   c - +1 pair of gloves
MR       .....                  b - +1 pair of boots
Stlth    ++........             (no amulet)
HPRegen  0.12/turn              (no ring)
MPRegen  0.11/turn              (no ring)

@: agile, resistant, flying evasively, studying Maces & Flails
A: small, magic attunement, unstealthy, unfitting armour, able to fly, AC/SH +5
a: Stop Flying, Divine Energy, Renounce Religion


You were on level 4 of the Dungeon.
You worshipped Sif Muna.
Sif Muna was noncommittal.
You were not hungry.

You visited 1 branch of the dungeon, and saw 4 of its levels.

You collected 171 gold pieces.

Inventory:

Hand Weapons
 i - a +0 short sword
 w - a +1 vampiric whip (weapon)
Armour
 a - a +1 hat (worn)
 b - a +1 pair of boots (worn)
 c - a +1 pair of gloves (worn)
 n - a +0 buckler (worn)
 s - a +0 cloak
Jewellery
 j - an uncursed ring of fire {unknown}
Scrolls
 g - 4 scrolls of identify {unknown}
 h - 3 scrolls of enchant weapon {unknown}
 k - 2 scrolls of blinking {unknown}
 l - a scroll of amnesia {unknown}
 q - a scroll of fear {unknown}
 r - 2 scrolls of enchant armour {unknown}
 u - 2 scrolls of immolation {unknown}
 v - a scroll of teleportation {unknown}
Potions
 o - 2 potions of ambrosia
 p - a potion of curing
Books
 d - a manual of Maces & Flails
Miscellaneous
 e - an ancient crate


   Skills:
 + Level 1.6 Fighting
 - Level 1.1 Short Blades
 * Level 4.2 Maces & Flails
 + Level 6.4 Dodging
 - Level 2.7 Stealth
 + Level 2.7 Shields
 + Level 0.6 Unarmed Combat


You had 5 spell levels left.
You didn't know any spells.
Your spell library was empty.

Dungeon Overview and Level Annotations

Branches:
Dungeon (4/12)
 Temple: D:4-7

Altars:
Gozag
Sif Muna
Yredelemnul

Annotations:
D:2 1 runed door
D:4 Sigmund


Innate Abilities, Weirdness & Mutations

Your spells do not cause hunger and MP costs are reduced by 1.
Your bright wings attract enemies. (Stealth-)
You cannot fit into any form of body armour.
Your shimmering scales are hard and can block incoming attacks. (AC +5, SH +5)
You are small and have problems with some larger weapons.
You can fly continuously.


Message History

You hit Sigmund.
Sigmund is almost dead.
You hit Sigmund but do no damage.
Sigmund is almost dead.
Sigmund gestures wildly while chanting.
Sigmund flickers and vanishes!
Deactivating autopickup; reactivate with Ctrl-A.
You closely miss something. Something hits you!
You miss something. You closely miss something.
You hear some strange, mumbled words.
A magic dart appears from out of thin air!
The magic dart hits you!
* * * LOW HITPOINT WARNING * * *
You closely miss something.
You hear some strange, mumbled words.
A puff of flame appears from out of thin air!
You block the puff of flame.
You barely miss something. Something hits you!
You die...

#.. #.. #..
#.†#########
#>@.......#
#########.#
####.#
#....#######
#.####..{@<#
#.# #.#####
########.#
#.#
.........#
#.#
##########
#.# #.# #.#
#@# #.#


There were no monsters in sight!

Vanquished Creatures
  A howler monkey (D:4)
  A crimson imp (D:3)
  A human zombie (D:2)
  A jelly (D:2)
  A bullfrog skeleton (D:2)
  Terence (D:3)
  An iguana (D:3)
  3 adders (D:3)
  3 oozes (D:2)
  3 worms
  4 dart slugs
  5 leopard geckos
  2 orcs
  3 giant cockroaches
  3 goblins
  13 hobgoblins
  9 jackals
  8 kobolds
  4 quokkas
  A ball python (D:1)
  8 bats
  6 frilled lizards
  A jackal skeleton (D:2)
  6 rats
89 creatures vanquished.

Notes
Turn   | Place    | Note
-------+----------+-------------------------------------------
     0 | D:1      | Arkanax the Fairy Archaeologist began the quest for the
                  | Orb.
     0 | D:1      | Reached XP level 1. HP: 12/12 MP: 3/3
   158 | D:1      | Reached XP level 2. HP: 7/18 MP: 4/4
   887 | D:1      | Reached XP level 3. HP: 22/22 MP: 5/5
   909 | D:1      | Reached skill level 1 in Fighting
  1231 | D:2      | Found a runed door.
  1249 | D:2      | Reached skill level 5 in Dodging
  1346 | D:2      | Found a deep blue altar of Sif Muna.
  1379 | D:2      | Reached skill level 1 in Shields
  1409 | D:2      | Became a worshipper of Sif Muna the Loreminder
  1486 | D:2      | Reached XP level 4. HP: 19/28 MP: 6/6
  1643 | D:2      | Reached skill level 1 in Short Blades
  1826 | D:2      | Noticed a human
  1828 | D:2      | Found a basalt altar of Yredelemnul.
  1854 | D:2      | Reached XP level 5. HP: 20/33 MP: 7/7
  2002 | D:2      | Reached skill level 1 in Maces & Flails
  2183 | D:3      | Reached skill level 6 in Dodging
  2313 | D:3      | Noticed Terence
  2444 | D:3      | Killed Terence
  2952 | D:2      | Reached XP level 6. HP: 28/38 MP: 8/8
  3200 | D:3      | Found an opulent altar of Gozag.
  3505 | D:4      | Noticed Sigmund
  3878 | D:4      | Slain by Sigmund

Skill      XL: |  1  2  3  4  5  6 |
---------------+-------------------+-----
Fighting       | 1 |  1.6
Dodging        | 5 6 |  6.4
Shields        | 1 2 |  2.7
Short Blades   | 1 |  1.1
Maces & Flails | 3 4 |  4.2
Stealth        | |  2.7
Unarmed Combat | |  0.6

Action                   |  1- 3 |  4- 6 || total
-------------------------+-------+-------++-------
Melee: Unarmed           |    94 |       ||    94
       Short sword       |   184 |    69 ||   253
       Whip              |       |   333 ||   333
  Use: Potion            |       |     5 ||     5
  Eat: Chunk             |     2 |     2 ||     4
       Ration            |       |     4 ||     4
Armor: Skin              |    74 |    72 ||   146
Dodge: Dodged            |   208 |   265 ||   473
Block: Other             |    16 |       ||    16
       Buckler           |    61 |   167 ||   228
